AoeStats
← Fluvialgeomorphologist

Black Forest

508583605Analyzed
4v4 RM · 9d ago on Sep 23, 2026· 40m 17s· 8 players
Game mode
Random Map
Map size
Large (8 player)
Population
200
Speed
Normal
Resources
Standard
Victory
Conquest
Starting age
Dark Age
Ending age
Imperial Age
RankedLock teamsTeams togetherTeam positionsShared explorationLock speedFull tech treeHidden civsTurbo modeCheats
Victory
Defeat
🇨🇴 Danes · Colombia
903
+15
🇨🇴 Varangians · Colombia
903
+15
🇨🇳 Franks · China
900
+15
🇺🇸 Bohemians · United States
882
+16
🇻🇳 Hindustanis · Vietnam
963
-19
🇲🇽 Turks · Mexico
891
-16
🇦🇷 Burgundians · Argentina
878
-15
🇲🇽 Khmer · Mexico
783
-11
Fluvialgeomorphologist
1:29 Loom
12:21 Feudal Age
13:27 Double-Bit Axe
16:17 Castle Age
14:07 Horse Collar
17:15 Bow Saw
18:18 Wheelbarrow
18:45 Heavy Plow
19:48 Fervor
25:04 Hand Cart
25:07 Town Watch
31:05 Imperial Age
29:12 Town Patrol
32:12 Pikeman
32:52 Squires
34:05 Two-Man Saw
34:17 Chemistry
33:23 Siege Engineers
33:39 Ballistics
33:34 Murder Holes
35:05 Wagenburg Tactics
34:36 Halberdier
35:05 Capped Ram
36:29 Conscription
38:15 Houfnice
sacoco5883
1:41 Loom
15:07 Feudal Age
16:16 Double-Bit Axe
22:11 Castle Age
23:17 Bow Saw
29:17 Squires
29:04 Arson
29:25 Gold Mining
31:23 Gold Shaft Mining
30:46 Gambesons
31:37 Horse Collar
33:37 Wheelbarrow
32:50 Town Watch
33:13 Fletching
33:30 Hamask
34:16 Heavy Plow
34:17 Bodkin Arrow
34:34 Forging
35:56 Hand Cart
36:27 Scale Mail Armor
37:04 Iron Casting
Ruizard7925
6:20 Loom
14:20 Feudal Age
16:45 Double-Bit Axe
19:29 Castle Age
17:15 Town Watch
18:07 Forging
18:05 Scale Barding Armor
18:42 Gold Mining
18:42 Horse Collar
21:01 Iron Casting
20:47 Chain Barding Armor
26:37 Town Patrol
27:16 Wheelbarrow
27:49 Bloodlines
27:41 Husbandry
30:34 Hand Cart
37:55 Imperial Age
36:40 Stone Mining
39:13 Cavalier
76561199017414489
12:02 Feudal Age
16:01 Castle Age
14:09 Double-Bit Axe
17:30 Bow Saw
28:33 Gold Mining
30:52 Gold Shaft Mining
30:26 Scale Barding Armor
30:32 Forging
31:55 Chain Barding Armor
31:48 Stone Mining
32:37 Wheelbarrow
34:36 Imperial Age
31:53 Town Watch
31:58 Loom
33:58 Iron Casting
34:05 Hand Cart
34:43 Husbandry
35:04 Cavalier
36:07 Conscription
36:33 Plate Barding Armor
36:58 Blast Furnace
36:25 Paladin
xinhdep15
0:45 Loom
13:24 Feudal Age
18:33 Castle Age
18:36 Fishing Lines
20:03 Wheelbarrow
19:44 Double-Bit Axe
21:27 Gillnets
22:58 Hand Cart
23:19 Gold Mining
23:23 Stone Mining
26:15 Gold Shaft Mining
26:20 Stone Shaft Mining
26:01 Horse Collar
29:01 Squires
28:48 Arson
29:57 Forging
30:08 Pikeman
33:30 Imperial Age
31:14 Man-at-Arms
32:59 Iron Casting
32:25 Scale Mail Armor
33:07 Long Swordsman
35:12 Blast Furnace
35:13 Grand Trunk Road
35:35 Chain Mail Armor
34:56 Two-Handed Swordsman
35:47 Champion
soytupadreelgabo
1:57 Loom
21:08 Feudal Age
26:09 Castle Age
25:07 Stone Mining
25:06 Double-Bit Axe
El Tlatoani
1:19 Loom
14:08 Feudal Age
18:47 Double-Bit Axe
21:51 Castle Age
23:45 Bow Saw
26:30 Fishing Lines
27:42 Gillnets
32:41 Imperial Age
30:47 Wheelbarrow
30:26 Gold Mining
30:54 Bloodlines
30:44 Husbandry
31:05 Husbandry
33:28 Thumb Ring
34:38 Two-Man Saw
33:43 Heavy Camel Rider
35:03 Conscription
36:57 Gold Shaft Mining
Kaiser
0:46 Loom
13:02 Feudal Age
12:34 Double-Bit Axe
12:29 Horse Collar
19:12 Town Watch
21:43 Castle Age
21:20 Stone Mining
22:02 Gold Mining
23:09 Wheelbarrow
23:47 Bow Saw
23:53 Town Patrol
28:58 Burgundian Vineyards
28:48 Fletching
33:40 Imperial Age
35:28 Chemistry
34:49 Ballistics
36:35 Conscription
38:34 Hand Cart
39:22 Two-Man Saw
38:58 Gold Shaft Mining
38:27 Padded Archer Armor
Connection lost

Rejoining the realm…

Still unreachable

The connection could not be restored.

Session expired

The server has moved on; the page needs a fresh start.